 Dungeon Crawl Stone Soup version 0.18-a0-739-gdae9da8 (webtiles) character file.

133 M4edhros the Sneak (level 5, 0/33 HPs)
             Began as an Octopode Artificer on Dec 10, 2015.
             Succumbed to poison (a potion of poison)
             ... on level 4 of the Dungeon.
             The game lasted 00:02:11 (1093 turns).

M4edhros the Sneak (Octopode Artificer)             Turns: 1093, Time: 00:02:11

Health: 0/33       AC:  4    Str:  8 (10) XL:     5   Next: 16%
Magic:  8/8        EV: 12    Int: 15      God:
Gold:   79         SH:  0    Dex: 13      Spells: 0 memorised, 4 levels left

rFire  . . .     SeeInvis .     a - +0 short sword
rCold  . . .     Clarity  +     (no shield)
rNeg   . . .     SustAt   +     (helmet restricted)
rPois  .         Gourm    .     j - amulet of clarity
rElec  .         Spirit   .     h - ring of sustain attributes
rCorr  .         Dismiss  .     k - ring of teleportation (curse)
rMut   .         Rnd*Tele +     n - +3 ring of protection
MR     .....                    (no ring)
Stlth  ++++......               (no ring)
                                (no ring)
                                (no ring)
                                (no ring)

@: lethally poisoned (0 -> -5), very slightly contaminated, hasted, very quick,
not resistant to hostile enchantments, stealthy
A: almost no armour, amphibious, 8 rings, constrict 8, camouflage 1, gelatinous
body 1
a: Evoke Teleportation


You were on level 4 of the Dungeon.
You were hungry.

You visited 1 branch of the dungeon, and saw 4 of its levels.

You collected 79 gold pieces.

Inventory:

Hand Weapons
 a - a +0 short sword (weapon)
 m - a +0 hunting sling
Missiles
 g - 13 stones (quivered)
Jewellery
 h - a ring of sustain attributes (left tentacle)
 j - an amulet of clarity (around mantle)
 k - a cursed ring of teleportation (right tentacle)
 n - a +3 ring of protection (on tentacle)
Wands
 b - a wand of flame (13)
 c - a wand of enslavement (14)
 d - a wand of random effects (10)
Scrolls
 p - 2 scrolls of blinking
 r - a scroll of identify
Comestibles
 e - 3 bread rations
 f - a royal jelly
 o - 2 slices of pizza


   Skills:
 - Level 1.0 Fighting
 - Level 1.0 Short Blades
 - Level 2.0 Dodging
 + Level 5.1 Stealth
 + Level 4.9 Evocations


You had 4 spell levels left.
You didn't know any spells.

Dungeon Overview and Level Annotations

Branches:
Dungeon (4/15)
 Temple: D:4-7

Altars:
Gozag
Trog
Vehumet
Zin

Annotations:
D:3 Terence


Innate Abilities, Weirdness & Mutations

You cannot wear most types of armour.
You are amphibious.
You can wear up to eight rings at the same time.
You can use your tentacles to constrict eight enemies at once.
Your skin changes colour to match your surroundings (Stealth).
Your rubbery body absorbs attacks (AC +1).


Message History

Your gnoll shaman is almost dead.
The gnoll shaman is no longer charmed.
The gnoll shaman shouts!
This wand has 10 charges left.
* * * LOW HITPOINT WARNING * * *
You feel sick.
Unknown command.
Evoke which item? (* to show all) (? for menu, Esc to quit)
Zapping:
b - a wand of flame (14)
Press: ? - help, Shift-Dir - straight line, f - gnoll shaman
Aim: a gnoll shaman, wielding a whip and wearing a robe (almost dead)
The puff of flame hits the gnoll shaman.
You kill the gnoll shaman!
Your Stealth skill increases to level 5!
You have reached level 5!
You feel agile.
This wand has 13 charges left.
Unknown command.
Found an escape hatch in the floor.
You die...

#........# ###
###>.......########
..######... .........#.....#
..##........................#
.........##.. ...............
.....###....$ .)............
..........# #)#.[.........
...##.....# #@............
...##.....######..##)........
...##....<#.................#
##..........####..##.........
####.....### #..##.........#
#....># #..##.........#
#.....######..##.........#
#.....#....รท..##.........#
#.......####.............#


There were no monsters in sight!

Vanquished Creatures
  A hound (D:4)
  A gnoll shaman (D:4)
  An adder (D:2)
  4 gnolls (D:4)
  An ooze (D:4)
  A ball python (D:1)
  A bat (D:1)
  A goblin (D:2)
  3 hobgoblins
  3 giant newts
  A jackal skeleton (D:4)
  5 kobolds
  3 rats
26 creatures vanquished.

Notes
Turn   | Place    | Note
--------------------------------------------------------------
     0 | D:1      | M4edhros the Octopode Artificer began the quest for the Orb.
     0 | D:1      | Reached XP level 1. HP: 13/13 MP: 3/3
   259 | D:2      | Reached XP level 2. HP: 18/18 MP: 4/4
   302 | D:2      | Found a bloodstained altar of Trog.
   450 | D:3      | Reached XP level 3. HP: 12/23 MP: 5/5
   503 | D:3      | Noticed Terence
   702 | D:4      | Found a radiant altar of Vehumet.
   777 | D:4      | Reached skill level 4 in Evocations
   796 | D:4      | Found an opulent altar of Gozag.
   843 | D:4      | Reached XP level 4. HP: 17/28 MP: 7/7
   968 | D:4      | Found a glowing silver altar of Zin.
  1090 | D:4      | HP: 1/28 [poison (a potion of poison)]
  1091 | D:4      | Reached skill level 5 in Stealth
  1091 | D:4      | Reached XP level 5. HP: 1/33 MP: 8/8
  1093 | D:4      | Succumbed to poison (a potion of poison)

Vault maps used:
D:1:      lemuel_arrival_lava_pool, serial_forest, infiniplex_forest_end_1,
          infiniplex_forest_end_2, infiniplex_forest_end_double,
          infiniplex_forest_lined_1, infiniplex_forest_straight_1,
          minmay_misc_feat_secret_circle
D:2:      grunt_temple_overflow_open, overflow_temple_1_default,
          nicolae_dithmenos_shadow_blocks
D:3:      uniq_iyjb, uniq_terence
D:4:      nicolae_gozag_seed_capital, zin_scriptorium,
          nicolae_overflow_crystal_walls, serial_forest,
          infiniplex_forest_straight_2, infiniplex_forest_lined_room_,
          infiniplex_forest_end_2, infiniplex_forest_straight_2, first_bread

Action                   |  1- 3 |  4- 6 || total
-------------------------+-------+-------++-------
Melee: Short sword       |    43 |     4 ||    47
Evoke: Wand              |     5 |     3 ||     8
  Use: Scroll            |     2 |     2 ||     4
       Potion            |       |     3 ||     3
 Stab: Sleeping          |     3 |       ||     3
       Distracted        |     1 |       ||     1
